TOP OF THE 1ST |
Pawnee ParksNRec batting - Pitching for Calgary Lynx : RHP Lorenzo Díaz
|
Pitching: RHP Lorenzo Díaz
|
|
Batting: RHB Alan Patterson
|
0-0: Ball 1-0: Swinging Strike 1-1: Foul Ball, location: 2F 1-2: Foul Ball, location: 2F 1-2: Ball 2-2: Strikes out swinging
|
Batting: RHB Dan Vanblarcom
|
0-0: Foul Ball, location: 2F 0-1: Ball 1-1: Ball 2-1: SINGLE (Line Drive, 78M)
|
Batting: RHB Sinclair Bothof
|
0-0: Fly out, F7 (Flyball, 7D)
|
Batting: RHB Britt Lynch
|
0-0: Foul Ball, location: 2F 0-1: Ball 1-1: Foul Ball, location: 2F 1-2: Ball 2-2: Ball 3-2: Fly out, F7 (Line Drive, 7)
|
Top of the 1st over - 0 runs, 1 hit, 0 errors, 1 left on base; Pawnee 0 - Calgary 0 |
BOTTOM OF THE 1ST |
Calgary Lynx batting - Pitching for Pawnee ParksNRec : LHP Domingo Montémayor
|
Pitching: LHP Domingo Montémayor
|
|
Batting: RHB Dhyana Snigdha
|
0-0: Ball 1-0: Called Strike 1-1: Ground out 6-3 (Groundball, 6)
|
Batting: RHB Joe Ferguson
|
0-0: Ball 1-0: Foul Ball, location: 2F 1-1: Ball 2-1: Called Strike 2-2: Fly out, F8 (Flyball, 89D)
|
Batting: RHB Alberto Salas
|
0-0: Called Strike 0-1: Fly out, F3 (Line Drive, 3)
|
Bottom of the 1st over - 0 runs, 0 hits, 0 errors, 0 left on base; Pawnee 0 - Calgary 0 |
TOP OF THE 2ND |
Pawnee ParksNRec batting - Pitching for Calgary Lynx : RHP Lorenzo Díaz
|
Batting: RHB Gustavo González
|
0-0: Ball 1-0: Ball 2-0: Swinging Strike 2-1: Reached on error, E6 (Groundball, 56D)
|
Batting: RHB Chad Silander
|
0-0: Called Strike 0-1: Fly out, F3 (Line Drive, 3F)
|
Batting: SHB Dave Gant
|
0-0: Called Strike 0-1: Ball 1-1: Ball 2-1: Foul Ball, location: 2F 2-2: Grounds into double play, 5-4-3 (Groundball, 5)
|
Top of the 2nd over - 0 runs, 0 hits, 1 error, 0 left on base; Pawnee 0 - Calgary 0 |
BOTTOM OF THE 2ND |
Calgary Lynx batting - Pitching for Pawnee ParksNRec : LHP Domingo Montémayor
|
Batting: RHB Júlio Vargas
|
0-0: Called Strike 0-1: Swinging Strike 0-2: Foul Ball, location: 2F 0-2: Ground out 3-1 (Groundball, 34)
|
Batting: RHB Jimmy Fick
|
0-0: Ground out 5-3 (Groundball, 25)
|
Batting: RHB Dave Sosa
|
0-0: Ball 1-0: Called Strike 1-1: Ball 2-1: Ground out 4-3 (Groundball, 4)
|
Bottom of the 2nd over - 0 runs, 0 hits, 0 errors, 0 left on base; Pawnee 0 - Calgary 0 |
TOP OF THE 3RD |
Pawnee ParksNRec batting - Pitching for Calgary Lynx : RHP Lorenzo Díaz
|
Batting: RHB Iván Rodríguez
|
0-0: Called Strike 0-1: SINGLE (Flyball, 7S)
|
Batting: RHB Chip Mullaney
|
0-0: Ball 1-0: Fly out, F8 (Flyball, 8RS)
|
Batting: RHB Alan Patterson
|
0-0: Ball 1-0: Fielders Choice at 2nd, 4-6 (Groundball, 4M)
|
Batting: RHB Dan Vanblarcom
|
0-0: Called Strike 0-1: Foul Ball, location: 2F 0-2: Ball Alan Patterson is caught stealing 2nd base
|
Top of the 3rd over - 0 runs, 1 hit, 0 errors, 0 left on base; Pawnee 0 - Calgary 0 |
BOTTOM OF THE 3RD |
Calgary Lynx batting - Pitching for Pawnee ParksNRec : LHP Domingo Montémayor
|
Batting: LHB Daniel García
|
0-0: Ball 1-0: Called Strike 1-1: Foul Ball, location: 2F 1-2: Ball 2-2: SINGLE (Groundball, 34S) (infield hit)
|
Batting: RHB Rubén Medina
|
0-0: Ball Daniel García steals 2nd base 1-0: Called Strike 1-1: Foul Ball, location: 2F 1-2: Strikes out swinging
|
Batting: LHB Xuan-ling Chen
|
0-0: Called Strike 0-1: Foul Ball, location: 2F 0-2: Ball 1-2: Foul Ball, location: 2F 1-2: Ball 2-2: Ball 3-2: DOUBLE (Groundball, 3L) Daniel García scores
|
Batting: RHB Dhyana Snigdha
|
0-0: Ball 1-0: Called Strike 1-1: Called Strike 1-2: Fly out, F5 (Popup, 56S)
|
Batting: RHB Joe Ferguson
|
0-0: Called Strike 0-1: Ball 1-1: Ball 2-1: Ball 3-1: Called Strike 3-2: Base on Balls
|
Batting: RHB Alberto Salas
|
0-0: Called Strike 0-1: Foul Ball, location: 2F 0-2: Ball 1-2: SINGLE (Groundball, 34S) (infield hit) Xuan-ling Chen to third Joe Ferguson to second
|
Batting: RHB Júlio Vargas
|
0-0: Foul Ball, location: 2F 0-1: Foul Ball, location: 2F 0-2: Ball 1-2: Strikes out swinging
|
Bottom of the 3rd over - 1 run, 3 hits, 0 errors, 3 left on base; Pawnee 0 - Calgary 1 |
TOP OF THE 4TH |
Pawnee ParksNRec batting - Pitching for Calgary Lynx : RHP Lorenzo Díaz
|
Batting: RHB Dan Vanblarcom
|
0-0: Ball 1-0: Foul Ball, location: 2F 1-1: Fly out, F3 (Popup, 3F)
|
Batting: RHB Sinclair Bothof
|
0-0: Swinging Strike 0-1: Ball 1-1: Called Strike 1-2: Ball 2-2: Fly out, F9 (Flyball, 9D)
|
Batting: RHB Britt Lynch
|
0-0: Called Strike 0-1: Foul Ball, location: 2F 0-2: Foul Ball, location: 2F 0-2: Foul Ball, location: 2F 0-2: Ball 1-2: SOLO HOME RUN (Flyball, 7D), Distance : 387 ft
|
Batting: RHB Gustavo González
|
0-0: Called Strike 0-1: Ball 1-1: Ball 2-1: Ball 3-1: SINGLE (Line Drive, 78S)
|
Batting: RHB Chad Silander
|
0-0: Called Strike 0-1: Ball 1-1: Ball 2-1: Ball 3-1: Foul Ball, location: 2F 3-2: Foul Ball, location: 2F 3-2: Foul Ball, location: 2F 3-2: Base on Balls Gustavo González to second
|
Batting: SHB Dave Gant
|
0-0: Ball 1-0: Called Strike 1-1: Ball 2-1: Called Strike 2-2: Ball 3-2: Fly out, F2 (Popup, 23F)
|
Top of the 4th over - 1 run, 2 hits, 0 errors, 2 left on base; Pawnee 1 - Calgary 1 |
BOTTOM OF THE 4TH |
Calgary Lynx batting - Pitching for Pawnee ParksNRec : LHP Domingo Montémayor
|
Batting: RHB Jimmy Fick
|
0-0: Ball 1-0: Ball 2-0: Foul Ball, location: 2F 2-1: Reached on error, E6 (Groundball, 6)
|
Batting: RHB Dave Sosa
|
0-0: SINGLE (Groundball, 34) (infield hit) Jimmy Fick to second
|
Batting: LHB Daniel García
|
0-0: Ball 1-0: Ball 2-0: Ball 3-0: Called Strike 3-1: Base on Balls Jimmy Fick to third Dave Sosa to second
|
Batting: RHB Rubén Medina
|
0-0: Ball 1-0: Ball 2-0: Called Strike 2-1: Called Strike 2-2: Foul Ball, location: 2F 2-2: Foul Ball, location: 2F 2-2: Foul Ball, location: 2F 2-2: Grounds into double play, 6-4-3 (Groundball, 6) Jimmy Fick scores Dave Sosa to third
|
Batting: LHB Xuan-ling Chen
|
0-0: Ball 1-0: Ball 2-0: Ball 3-0: Base on Balls
|
Batting: RHB Dhyana Snigdha
|
0-0: Ball 1-0: Foul Ball, location: 2F 1-1: DOUBLE (Line Drive, 9LM) Dave Sosa scores Xuan-ling Chen to third Runner from 3rd tries for Home, SAFE, no throw
|
Batting: RHB Joe Ferguson
|
0-0: Called Strike Dhyana Snigdha steals 3rd base 0-1: Foul Ball, location: 2F 0-2: Strikes out swinging
|
Bottom of the 4th over - 3 runs, 2 hits, 1 error, 1 left on base; Pawnee 1 - Calgary 4 |
TOP OF THE 5TH |
Pawnee ParksNRec batting - Pitching for Calgary Lynx : RHP Lorenzo Díaz
|
Batting: RHB Iván Rodríguez
|
0-0: Ball 1-0: Ball 2-0: Ground out 6-3 (Groundball, 6)
|
Batting: RHB Chip Mullaney
|
0-0: Called Strike 0-1: Ground out U3 (Groundball, 34)
|
Batting: RHB Alan Patterson
|
0-0: Called Strike 0-1: Called Strike 0-2: Strikes out swinging
|
Top of the 5th over - 0 runs, 0 hits, 0 errors, 0 left on base; Pawnee 1 - Calgary 4 |
BOTTOM OF THE 5TH |
Calgary Lynx batting - Pitching for Pawnee ParksNRec : LHP Domingo Montémayor
|
Batting: RHB Alberto Salas
|
0-0: Ball 1-0: Ball 2-0: Fly out, F3 (Line Drive, 34)
|
Batting: RHB Júlio Vargas
|
0-0: Ball 1-0: Ball 2-0: Called Strike 2-1: SINGLE (Line Drive, 4MD)
|
Batting: RHB Jimmy Fick
|
0-0: Ball 1-0: Ball 2-0: Ball 3-0: Called Strike 3-1: Swinging Strike 3-2: Strikes out looking
|
Batting: RHB Dave Sosa
|
0-0: Ball 1-0: Swinging Strike 1-1: Called Strike 1-2: Foul Ball, location: 2F 1-2: Foul Ball, location: 2F 1-2: Ground out 1-3 (Groundball, P)
|
Bottom of the 5th over - 0 runs, 1 hit, 0 errors, 1 left on base; Pawnee 1 - Calgary 4 |
TOP OF THE 6TH |
Pawnee ParksNRec batting - Pitching for Calgary Lynx : RHP Lorenzo Díaz
|
Batting: RHB Dan Vanblarcom
|
0-0: SINGLE (Groundball, 6D)
|
Batting: RHB Sinclair Bothof
|
0-0: Fly out, F4 (Line Drive, 4)
|
Batting: RHB Britt Lynch
|
0-0: Ball 1-0: Ball 2-0: Ball 3-0: Base on Balls Dan Vanblarcom to second
|
Batting: RHB Gustavo González
|
0-0: Called Strike 0-1: Foul Ball, location: 2F 0-2: Foul Ball, location: 2F 0-2: Ball 1-2: Ball 2-2: DOUBLE (Flyball, 8LXD) Dan Vanblarcom scores Britt Lynch to third
|
Batting: RHB Chad Silander
|
0-0: Foul Ball, location: 2F 0-1: Foul Ball, location: 2F 0-2: Ball 1-2: Strikes out swinging
|
Batting: SHB Dave Gant
|
0-0: Fly out, F7 (Flyball, 7D)
|
Top of the 6th over - 1 run, 2 hits, 0 errors, 2 left on base; Pawnee 2 - Calgary 4 |
BOTTOM OF THE 6TH |
Calgary Lynx batting - Pitching for Pawnee ParksNRec : LHP Domingo Montémayor
|
Batting: LHB Daniel García
|
0-0: Ball 1-0: Swinging Strike 1-1: Fly out, F6 (Line Drive, 6)
|
Batting: RHB Rubén Medina
|
0-0: Ball 1-0: Ball 2-0: Called Strike 2-1: Ball 3-1: Fly out, F9 (Flyball, 9)
|
Batting: LHB Xuan-ling Chen
|
0-0: Foul Ball, location: 2F 0-1: Ball 1-1: Ball 2-1: Called Strike 2-2: Strikes out swinging
|
Bottom of the 6th over - 0 runs, 0 hits, 0 errors, 0 left on base; Pawnee 2 - Calgary 4 |
TOP OF THE 7TH |
Pawnee ParksNRec batting - Pitching for Calgary Lynx : RHP Lorenzo Díaz
|
Batting: RHB Iván Rodríguez
|
0-0: Called Strike 0-1: Ball 1-1: Ground out 1-3 (Groundball, 13)
|
Batting: RHB Chip Mullaney
|
0-0: SINGLE (Line Drive, 4MD)
|
Batting: RHB Alan Patterson
|
0-0: Foul Ball, location: 2F 0-1: Ball 1-1: Foul Ball, location: 2F 1-2: Ball 2-2: Grounds into double play, 6-4-3 (Groundball, 6)
|
Top of the 7th over - 0 runs, 1 hit, 0 errors, 0 left on base; Pawnee 2 - Calgary 4 |
BOTTOM OF THE 7TH |
Calgary Lynx batting - Pitching for Pawnee ParksNRec : LHP Domingo Montémayor
|
Batting: RHB Dhyana Snigdha
|
0-0: Called Strike 0-1: Ground out 5-3 (Groundball, 56)
|
Pitching: LHP Pedro Pérez
|
|
Batting: RHB Joe Ferguson
|
0-0: Ball 1-0: Called Strike 1-1: Foul Ball, location: 2F 1-2: Ball 2-2: Ball 3-2: Reached on error, E5 (Groundball, 56)
|
Batting: RHB Alberto Salas
|
0-0: Ball Passed Ball! Joe Ferguson to third 1-0: Ball 2-0: Foul Ball, location: 2F 2-1: Fly out, F7 (Flyball, 78M) Runner from 3rd tags up, SCORES, throw made
|
Batting: RHB Júlio Vargas
|
0-0: Called Strike 0-1: Ball 1-1: Ball 2-1: Ball 3-1: Base on Balls
|
Batting: RHB Jimmy Fick
|
0-0: Foul Ball, location: 2F 0-1: Ball Passed Ball! Júlio Vargas to second 1-1: Swinging Strike 1-2: Ball 2-2: Ball Wild Pitch! Júlio Vargas to third 3-2: Base on Balls
|
Batting: RHB Dave Sosa
|
0-0: Ball Jimmy Fick steals 2nd base 1-0: Ball 2-0: Ball 3-0: Base on Balls
|
Batting: LHB Daniel García
|
0-0: Reached on error, E2 (Groundball, 2R) Júlio Vargas scores Jimmy Fick to third Dave Sosa to second
|
Batting: RHB Rubén Medina
|
0-0: Ball 1-0: Called Strike 1-1: Ball 2-1: Reached on error, E3 (Groundball, 3) Jimmy Fick scores Dave Sosa to third Daniel García to second
|
Batting: LHB Xuan-ling Chen
|
0-0: Ball 1-0: Foul Ball, location: 2F 1-1: Foul Ball, location: 2F 1-2: Strikes out swinging
|
Bottom of the 7th over - 3 runs, 0 hits, 3 errors, 3 left on base; Pawnee 2 - Calgary 7 |
TOP OF THE 8TH |
Pawnee ParksNRec batting - Pitching for Calgary Lynx : RHP Lorenzo Díaz
|
Pitching: RHP Juan Valéncia
|
|
Batting: RHB Dan Vanblarcom
|
0-0: Ground out 2-3 (Groundball, 2L)
|
Batting: RHB Sinclair Bothof
|
0-0: Ball 1-0: Fly out, F9 (Line Drive, 89D)
|
Now at 3B: Michael Garrett
|
|
Batting: RHB Britt Lynch
|
0-0: Fly out, F8 (Line Drive, 78S)
|
Top of the 8th over - 0 runs, 0 hits, 0 errors, 0 left on base; Pawnee 2 - Calgary 7 |
BOTTOM OF THE 8TH |
Calgary Lynx batting - Pitching for Pawnee ParksNRec : LHP Pedro Pérez
|
Batting: RHB Dhyana Snigdha
|
0-0: Fly out, F8 (Flyball, 8RD)
|
Batting: RHB Joe Ferguson
|
0-0: Ball 1-0: Ball 2-0: Called Strike 2-1: Called Strike 2-2: Ball 3-2: SINGLE (Groundball, 4MD)
|
Batting: RHB Alberto Salas
|
0-0: Ball 1-0: Fly out, F8 (Line Drive, 8LM)
|
Batting: RHB Júlio Vargas
|
0-0: Ball 1-0: Swinging Strike 1-1: Ball 2-1: Ball 3-1: Called Strike 3-2: Fly out, F8 (Flyball, 8RS)
|
Bottom of the 8th over - 0 runs, 1 hit, 0 errors, 1 left on base; Pawnee 2 - Calgary 7 |
TOP OF THE 9TH |
Pawnee ParksNRec batting - Pitching for Calgary Lynx : RHP Juan Valéncia
|
Now at C: Bertrand Pick
|
|
Batting: RHB Gustavo González
|
0-0: Called Strike 0-1: Foul Ball, location: 2F 0-2: Foul Ball, location: 2F 0-2: Foul Ball, location: 2F 0-2: Ball 1-2: Ball 2-2: Fly out, F4 (Popup, 4M)
|
Batting: RHB Chad Silander
|
0-0: SINGLE (Groundball, 6MD)
|
Batting: SHB Dave Gant
|
0-0: Ball 1-0: Foul Ball, location: 2F 1-1: Foul Ball, location: 2F 1-2: Strikes out swinging
|
Batting: RHB Iván Rodríguez
|
0-0: Foul Ball, location: 2F 0-1: Ball 1-1: Ball 2-1: Fly out, F6 (Line Drive, 6)
|
Top of the 9th over - 0 runs, 1 hit, 0 errors, 1 left on base; Pawnee 2 - Calgary 7 |
|